 Dungeon Crawl Stone Soup version 0.29.1-15-g9cfb28693d (webtiles) character file.

Game seed: 7929716145830775922

92 BlackCrag the Cudgeller (level 4, -1/40 HPs)
             Began as a Minotaur Berserker on Apr 7, 2023.
             Was a Believer of Trog.
             Killed by nerve-wracking pain
             ... invoked by an orc priest
              (12 damage)
             ... on level 3 of the Dungeon.
             The game lasted 00:04:36 (2042 turns).

BlackCrag the Cudgeller (Minotaur Berserker)        Turns: 2042, Time: 00:04:37

Health: -1/40      AC:  6    Str: 23    XL:     4   Next: 35%
Magic:  0/3        EV: 10    Int:  4    God:    Trog [**....]
Gold:   103        SH:  0    Dex: 10    Spells: 3/3 levels left

rFire   . . .      SeeInvis .   a - +0 mace
rCold   . . .      Faith    .   (no shield)
rNeg    . . .      Spirit   +   i - +0 scale mail
rPois   .          Reflect  .   (helmet restricted)
rElec   .          Harm     +   b - scarf {harm}
rCorr   .          Rampage  .   (no gloves)
Will    .....                   (no boots)
Stlth   ..........              d - amulet of guardian spirit
HPRegen 0.13/turn               (no ring)
MPRegen 0.08/turn               (no ring)

@: no status effects
A: horns 2, retaliatory headbutt
a: Renounce Religion, Berserk, Trog's Hand


You were on level 3 of the Dungeon.
You worshipped Trog.
Trog was pleased with you.
You visited 1 branch of the dungeon, and saw 3 of its levels.

You collected 103 gold pieces.

Inventory:

Hand Weapons
 a - a +0 mace (weapon)
Missiles
 g - 3 silver javelins
 n - 8 poisoned darts (quivered)
Armour
 b - a scarf of harm (worn)
 i - a +0 scale mail (worn)
Jewellery
 d - an amulet of guardian spirit (around neck)
Scrolls
 c - a scroll of noise {unknown}
 f - a scroll of amnesia {unknown}
 h - a scroll of poison {unknown}
 j - 2 scrolls of magic mapping
 m - a scroll of identify {unknown}
 o - a scroll of vulnerability {unknown}
 r - a scroll of fog {unknown}
Potions
 e - a potion of brilliance {unknown}
 k - a potion of curing {unknown}
 l - a potion of magic {unknown}
 p - a potion of mutation {unknown}
 q - a potion of degeneration {unknown}


   Skills:
 + Level 4.2 Fighting
 + Level 5.2 Maces & Flails
 + Level 0.7 Throwing
 + Level 2.8 Armour
 + Level 2.7 Dodging


You had 3 spell levels left.
You didn't know any spells.
Your spell library was empty.

Dungeon Overview and Level Annotations

Branches:
Dungeon (3/15)

Altars:


Innate Abilities, Weirdness & Mutations

You have a pair of horns on your head.
You reflexively headbutt those who attack you in melee.


Message History

The poisoned dart barely misses the orc priest.
You hit the orc priest but do no damage.
The orc priest barely misses you. x2
You hit the orc priest but do no damage.
The orc priest is lightly wounded.
The orc priest closely misses you.
You hit the orc priest.
The orc priest is heavily wounded.
The orc priest hits you but does no damage.
An orc comes into view. It is wielding a +0 club.
You hit the orc priest but do no damage.
Your headbutt misses the orc priest. Your punch misses the orc priest.
The orc priest is heavily wounded.
An orc comes into view. It is wielding a +0 dagger.
The orc priest barely misses you.
You hit the orc priest but do no damage.
You headbutt the orc priest.
The orc priest is severely wounded.
The orc priest calls down the wrath of Beogh upon you.
Beogh smites you!
You closely miss the orc priest. Your headbutt misses the orc priest.
The orc priest is severely wounded.
The orc priest looks more healthy.
The orc priest hits you with a +0 flail.
You hit the orc priest. You headbutt the orc priest.
The orc priest is almost dead.
The orc priest barely misses you. You furiously retaliate!
You headbutt the orc priest, but do no damage.
You barely miss the orc. You headbutt the orc.
The orc is lightly wounded.
The orc hits you but does no damage.
The orc priest invokes the aid of Beogh against you.
Beogh smites you!
* * * LOW HITPOINT WARNING * * *
You sock the orc!
You kill the orc!
Trog accepts your kill.
The orc priest invokes the aid of Beogh against you.
Pain shoots through your body!
You die...

*** *** * *,*
*,************#
*,****,*,,,,,,,,,,,.
***##*,,,,,,*,**********#
*,,,..,,,,,,*,* #
**,**#o######,* # *,*
#.)@...#,* # *,*
######.#,* # *,* #.#.* #
*,* #.#.########### *,*
#.#.##......... *,*
#.#.##.#######. *,*
#.#.##.#######. *,*
#.#.##.......†. *,*
#.#............


You could see an orc priest.

Vanquished Creatures
  3 adders
  A worm (D:3)
  3 dart slugs
  An orc (D:3)
  4 endoplasms
  3 giant cockroaches
  9 goblins
  4 hobgoblins
  6 jackals
  A kobold (D:3)
  4 quokkas
  6 ball pythons
  A bat (D:2)
  A frilled lizard (D:1)
  3 rats (D:1)
50 creatures vanquished.

Notes
Turn   | Place    | Note
-------+----------+-------------------------------------------
     0 | D:1      | BlackCrag the Minotaur Berserker began the quest for the
                  | Orb.
     0 | D:1      | Reached XP level 1. HP: 19/19 MP: 0/0
   171 | D:1      | Reached XP level 2. HP: 19/27 MP: 1/1
   264 | D:1      | Reached skill level 4 in Maces & Flails
   864 | D:2      | Reached XP level 3. HP: 33/33 MP: 2/2
  1077 | D:2      | Found a faded altar of an unknown god.
  1258 | D:2      | Reached ** piety under Trog
  1869 | D:3      | Reached skill level 5 in Maces & Flails
  1869 | D:3      | Reached XP level 4. HP: 34/40 MP: 3/3
  2042 | D:3      | Killed from afar by an orc priest

Illustrated notes

Levels and vault maps discovered:
D:1:      dpeg_arrival_arbitrary_a, layout_basic
D:2:      layout_basic, shapermc_ecumenical_altar_mp_highgroup, glass_columns_c,
          skrybe_limestone_x
D:3:      layout_basic, grunt_ministairs_13

Skill      XL: |  1  2  3 |
---------------+----------+-----
Maces & Flails | 4 5 |  5.2
Fighting       | 4 |  4.2
Throwing       | |  0.7
Armour         | |  2.8
Dodging        | |  2.7

Action                   |  1- 3 |  4- 6 || total
-------------------------+-------+-------++-------
Melee: Mace              |    74 |    22 ||    96
       Headbutt          |     7 |     3 ||    10
Throw: Dart              |     6 |     6 ||    12
       Javelin           |     1 |       ||     1
  Use: Scroll            |     1 |       ||     1
Armor: Animal skin       |     1 |       ||     1
       Scale mail        |    17 |     5 ||    22
Dodge: Dodged            |    43 |    14 ||    57
